 Dungeon Crawl Stone Soup version 0.22.1-2-g9c5b331383 (webtiles) character file.

3579 Revguard the Blocker (level 10, -16/61 HPs)
             Began as a Gargoyle Fighter on Dec 8, 2018.
             Was an Initiate of Gozag.
             Demolished by a two-headed ogre
             ... wielding a +0 giant club
              (27 damage)
             ... on level 8 of the Dungeon.
             The game lasted 00:32:13 (7877 turns).

Revguard the Blocker (Gargoyle Fighter)             Turns: 7877, Time: 00:32:14

Health: -16/61     AC: 17    Str: 20    XL:     10   Next: 10%
Magic:  10/10      EV:  6    Int: 10    God:    Gozag
Gold:   819        SH: 13    Dex: 13    Spells: 9/9 levels left

rFire    . . .     SeeInvis .   a - +0 flail
rCold    . . .     Gourm    .   c - +1 shield
rNeg     + . .     Faith    .   l - +0 chain mail
rPois    ∞         Spirit   .   (helmet restricted)
rElec    +         Reflect  .   (no cloak)
rCorr    +         Harm     .   (no gloves)
MR       .....                  (no boots)
Stlth    ..........             b - amulet of rage
HPRegen  0.20/turn              s - ring of resist corrosion
MPRegen  0.12/turn              g - +2 ring of dexterity (curse)

@: no status effects
A: antennae 1, negative energy resistance 1, electricity resistance,
unbreathing, petrification resistance, rot immunity, subdued magic 1, AC +7
a: Potion Petition, Call Merchant, Bribe Branch, Renounce Religion, Evoke
Berserk Rage


You were on level 8 of the Dungeon.
You worshipped Gozag.
Gozag was pleased with you.
You were not hungry.

You visited 2 branches of the dungeon, and saw 9 of its levels.

You collected 1371 gold pieces.
You spent 60 gold pieces at shops.
You paid 492 gold pieces to Gozag.

Inventory:

Hand Weapons
 a - a +0 flail (weapon)
Armour
 c - a +1 shield (worn)
 l - a +0 chain mail (worn)
Jewellery
 b - an amulet of rage (around neck)
 g - a cursed +2 ring of dexterity (right hand)
 s - a ring of resist corrosion (left hand)
 A - an uncursed amulet of the gourmand {unknown}
Wands
 i - a wand of digging (6)
 k - a wand of enslavement (5)
 y - a wand of paralysis (28)
 B - a wand of flame (10)
 E - a wand of polymorph (16)
Scrolls
 h - 3 scrolls of remove curse
 n - 4 scrolls of teleportation
 o - a scroll of amnesia
 q - a scroll of enchant armour
 t - a scroll of immolation {unknown}
 u - a scroll of fear {unknown}
 w - a scroll of magic mapping {unknown}
 x - a scroll of enchant weapon {unknown}
 C - a scroll of random uselessness {unknown}
 D - a scroll of vulnerability {unknown}
Potions
 d - 4 potions of magic
 j - a potion of cancellation
 m - a potion of degeneration
 p - a potion of curing
 v - a potion of brilliance
 z - 3 potions of haste
Comestibles
 f - 6 rations


   Skills:
 + Level 6.4 Fighting
 + Level 9.0 Maces & Flails
 + Level 6.6 Armour
 + Level 9.8 Shields


You had 9 spell levels left.
You didn't know any spells.
Your spell library contained the following spells:

 Spells                   Type           Power        Failure   Level  Hunger
 Confusing Touch          Hex            #.....       99%         1    ##.....
 Confuse                  Hex            #.......     100%        3    ####...
 Gell's Gravitas          Tloc           #.........   100%        3    ####...
 Petrify                  Tmut/Erth      #.......     100%        4    #####..
 Metabolic Englaciation   Hex/Ice        #.........   100%        5    ######.
 Yara's Violent Unravell  Hex/Tmut       #.........   100%        5    ######.


Dungeon Overview and Level Annotations

Branches:
Dungeon (8/15)             Temple (1/1) D:6
   Lair: D:8-11

Altars:
Cheibriados
Elyvilon
Gozag
Hepliaklqana
Nemelex Xobeh
Okawaru
Qazlal
Sif Muna
Trog
Uskayaw
Vehumet
Xom

Shops:
D:3 *   D:5 *


Innate Abilities, Weirdness & Mutations

You are resistant to torment.
Your stone body is resilient. (AC +7)
You are immune to poison.
You resist negative energy. (rN+)
You are resistant to electric shocks. (rElec)
You can survive without breathing.
You are immune to petrification.
You are immune to rotting.
You have a pair of small antennae on your head.
Your spells are a little easier to cast, but a little less powerful.


Message History

You sock the two-headed ogre!
The two-headed ogre is heavily wounded.
You block the two-headed ogre's attack. x2
You sock the two-headed ogre!
The two-headed ogre is severely wounded.
You hit the two-headed ogre.
The two-headed ogre is severely wounded.
The two-headed ogre hits you with a giant club!
The two-headed ogre closely misses you.
You closely miss the two-headed ogre.
The two-headed ogre is severely wounded.
The two-headed ogre hits you with a giant club!
* * * LOW HITPOINT WARNING * * *
The two-headed ogre barely misses you.
Okay, then.
You hit the two-headed ogre but do no damage.
The two-headed ogre is severely wounded.
The two-headed ogre hits you with a giant club!!
You die...
Your body crumbles into a pile of gold.

###########
#########.......@.#
........#.#######O#####
........#.# #......#
....≈...#.######......#
....≈≈..#.##...#......####
..≈≈≈≈..................>#
..≈≈≈≈..#.............####
.≈≈≈....#.............#
.............)......###


You could see a two-headed ogre.

Vanquished Creatures
  A centaur warrior (D:8)
  Pikel (D:7)
  An orc warrior (D:8)
  2 ice beasts
  A necrophage (D:6)
  A centaur (D:5)
  3 ogres
  A big kobold (D:7)
  Blork the orc (D:6)
  A gnoll sergeant (D:4)
  A bullfrog (D:7)
  2 scorpions
  5 killer bees
  A howler monkey (D:7)
  2 crimson imps (D:8)
  3 jellies
  A hound (D:8)
  4 orc wizards
  2 orc priests
  A bullfrog skeleton (D:5)
  Crazy Yiuf (D:5)
  2 gnoll shamans (D:4)
  8 worker ants
  A hound skeleton (D:6)
  34 gnolls
  10 adders
  A shadow imp (D:5)
  An ooze (D:7)
  2 adder skeletons
  A worm (D:3)
  2 dart slugs
  4 leopard geckos
  18 orcs
  2 ball pythons
  3 bats
  6 hobgoblins
  24 jackals
  4 quokkas
  4 frilled lizards
  5 goblins
  9 kobolds
  A quokka skeleton (D:4)
  9 rats
187 creatures vanquished.

Vanquished Creatures (others)
  A worker ant (D:7)
  A gnoll (D:7)
2 creatures vanquished.

Grand Total: 189 creatures vanquished

Notes
Turn   | Place    | Note
-------+----------+-------------------------------------------
     0 | D:1      | Revguard the Gargoyle Fighter began the quest for the Orb.
     0 | D:1      | Reached XP level 1. HP: 14/14 MP: 1/1
   143 | D:1      | Reached XP level 2. HP: 16/19 MP: 2/2
   560 | D:1      | Reached XP level 3. HP: 23/23 MP: 3/3
   741 | D:2      | Reached XP level 4. HP: 18/29 MP: 4/4
  1251 | D:3      | Reached XP level 5. HP: 11/33 MP: 5/5
  1811 | D:3      | Found Gozag's Platinum Reserve.
  2037 | D:3      | Found an opulent altar of Gozag.
  2054 | D:3      | Became a worshipper of Gozag Ym Sagoz the Greedy
  2293 | D:4      | Found a hazy altar of Hepliaklqana.
  2370 | D:4      | Reached skill level 5 in Shields
  2661 | D:4      | Reached XP level 6. HP: 16/38 MP: 6/6
  3054 | D:4      | Reached XP level 7. HP: 18/44 MP: 7/7
  3285 | D:4      | Reached skill level 5 in Maces & Flails
  4087 | D:5      | Entered Level 5 of the Dungeon
  4177 | D:5      | Found a runed door.
  4181 | D:5      | Noticed Crazy Yiuf
  4185 | D:5      | Killed Crazy Yiuf
  4212 | D:5      | Reached skill level 5 in Armour
  4212 | D:5      | Reached XP level 8. HP: 48/48 MP: 8/8
  4343 | D:5      | Found Soshayfa's General Store.
  4355 | D:5      | Bought 2 scrolls of identify for 40 gold pieces
  4355 | D:5      | Bought a scroll of identify for 20 gold pieces
  4362 | D:5      | Gained mutation: Your spells are a little easier to cast,
                  | but a little less powerful. [potion of mutation]
  4362 | D:5      | Gained mutation: You have a pair of small antennae on your
                  | head. [potion of mutation]
  4474 | D:5      | Found a snail-covered altar of Cheibriados.
  5304 | D:6      | Found a staircase to the Ecumenical Temple.
  5310 | Temple   | Entered the Ecumenical Temple
  5449 | D:6      | Noticed Blork the orc
  5467 | D:6      | Killed Blork the orc
  5495 | D:6      | Reached skill level 5 in Fighting
  6219 | D:7      | Paralysed by a kobold for 4 turns
  6578 | D:7      | Reached XP level 9. HP: 49/54 MP: 9/9
  6881 | D:7      | Noticed Pikel
  6918 | D:7      | Killed Pikel
  7216 | D:8      | Noticed a two-headed ogre
  7351 | D:8      | Found a radiant altar of Vehumet.
  7460 | D:8      | Noticed a centaur warrior
  7486 | D:8      | Killed a centaur warrior
  7488 | D:8      | Reached XP level 10. HP: 31/60 MP: 10/10
  7877 | D:8      | Demolished by a two-headed ogre

Skill      XL: |  1  2  3  4  5  6  7  8  9 10 |
---------------+-------------------------------+-----
Shields        | 4 5 6 7 9 |  9.8
Armour         | 4 5 6 |  6.6
Maces & Flails | 3 4 5 7 8 9 |  9.0
Fighting       | 4 5 6 |  6.4

Action                   |  1- 3 |  4- 6 |  7- 9 | 10-12 || total
-------------------------+-------+-------+-------+-------++-------
Melee: Flail             |   125 |   242 |   560 |    41 ||   968
Invok: Potion Petition   |       |     1 |     1 |       ||     2
Evoke: Wand              |       |       |       |     1 ||     1
  Use: Scroll            |     2 |     3 |    12 |     1 ||    18
       Potion            |       |     3 |    12 |     3 ||    18
 Stab: Distracted        |       |       |     3 |       ||     3
  Eat: Chunk             |       |     4 |       |       ||     4
       Ration            |       |     1 |     4 |     1 ||     6
Armor: Scale mail        |   115 |   161 |   124 |       ||   400
       Chain mail        |       |       |   318 |     8 ||   326
       Skin              |       |       |    86 |       ||    86
Dodge: Dodged            |    74 |   110 |   178 |    13 ||   375
Block: Shield            |    99 |   165 |   521 |    32 ||   817
